 Dungeon Sprint DCSS version 0.31.0-9-g3a7656b989 (webtiles) character file.

Game seed: 17245744810605617008

392 Heoruswealwe the Spear-Bearer (level 6, 0/63 HPs)
             Began as a Minotaur Fighter on Feb 2, 2024.
             Was an Initiate of Gozag.
             Slain by an unseen horror (2 damage)
             ... in the Dungeon (Sprint IX: "|||||||||||||||||||||||||||||").
             The game lasted 00:00:56 (128 turns).

Heoruswealwe the Spear-Bearer (Minotaur Fighter)     Turns: 128, Time: 00:00:57

Health: 0/63       AC:  8    Str: 22    XL:     6   Next: 51%
Magic:  5/5        EV:  9    Int:  5    God:    Gozag
Gold:   0          SH:  4    Dex: 10    Spells: 5/5 levels left

rFire   . . .        a - +0 trident
rCold   . . .        d - +0 buckler
rNeg    . . .        c - +0 scale mail
rPois   .            (helmet restricted)
rElec   .            (no cloak)
rCorr   .            (no gloves)
SInv    .            (no boots)
Will    .....        (no amulet) Stlth
                     (no ring)
HPRegen 0.30/turn    (no ring)
MPRegen 0.09/turn

%: no teleportation
@: no status effects
A: horns 2, retaliatory headbutt
a: Renounce Religion, Potion Petition, Call Merchant, Bribe Branch


You were in the Dungeon.
You worshipped Gozag.
Gozag was noncommittal.
You visited 1 branch

Inventory:

Hand Weapons
 a - a +0 trident (weapon)
Armour
 c - a +0 scale mail (worn)
 d - a +0 buckler (worn)
Jewellery
 k - a +2 ring of evasion
 l - a +3 ring of intelligence
Wands
 h - a wand of iceblast (10)
Scrolls
 j - 2 scrolls of blinking
Potions
 b - a potion of might
 e - 5 potions of curing
 f - 3 potions of heal wounds
 g - a potion of haste
 i - a potion of berserk rage


   Skills:
 + Level 9.2 Fighting
 * Level 12.1 Polearms
 + Level 9.2 Armour
 - Level 3.6 Shields


You had 5 spell levels left.
You didn't know any spells.
Your spell library was empty.

Dungeon Overview and Level Annotations

Branches:
Dungeon (1/1)

Altars:
Cheibriados
Dithmenos
Elyvilon
Fedhas
Gozag
Hepliaklqana
Kikubaaqudgha
Makhleb
Nemelex Xobeh
Okawaru
Qazlal
Ru
Sif Muna
Trog
Uskayaw
Vehumet
Wu Jian
Xom
Yredelemnul
Zin
The Shining One
Jiyva
Lugonu


Innate Abilities, Weirdness & Mutations

You have a pair of horns on your head.
You reflexively headbutt those who attack you in melee.


Message History

You hit something but do no damage. You block something's attack.
The howler monkey hoots and howls with incredible vigour!
Something hits you but does no damage.
You closely miss something. You headbutt something. Something hits you!
You barely miss something. You headbutt something!
The wight is no longer distracted by gold.
Something completely misses you. Something hits you.
* * * LOW HITPOINT WARNING * * *
You barely miss something. Your headbutt misses something.
You block something's attack.
You hit something but do no damage. Something hits you!
* * * LOW HITPOINT WARNING * * *
Something hits you but does no damage.
The acid dragon is distracted by your dazzling golden aura.
You closely miss something. You block something's attack.
You miss something.
The acid dragon roars!
Your headbutt misses something. Something hits you but does no damage.
The howler monkey hoots and howls with incredible vigour!
You block something's attack.
You hit something. You hit something but do no damage.
Something hits you but does no damage. Something hits you.
* * * LOW HITPOINT WARNING * * *
The howler monkey is distracted by your dazzling golden aura.
The howler monkey howls!
You hit something. Your headbutt misses something.
The howler monkey is no longer distracted by gold.
Something hits you.
* * * LOW HITPOINT WARNING * * *
Something hits you.
* * * LOW HITPOINT WARNING * * *
You closely miss something. Something hits you but does no damage.
You hit something. Your headbutt misses something.
The acid dragon is no longer distracted by gold.
Something hits you.
* * * LOW HITPOINT WARNING * * *
Something hits you.
You die...
Your body crumbles into a pile of gold.

▓)▓
▓.▓
▓[▓
▓[▓
▓[▓
▓.▓
▓.▓
▓'▓
▓@▓
▓{▓
▓z▓
▓h▓
▓D▓
▓.▓
▓+▓


You could see an acid dragon, a howler monkey and a wight.

Vanquished Creatures
  A yak (D)
  An ice beast (D)
  2 scorpions (D)
  A howler monkey (D)
  An ufetubus (D)
  A dart slug (D)
  An orc (D)
  2 ball pythons (D)
  An endoplasm (D)
  A rat (D)
12 creatures vanquished.

Notes
Turn   | Place    | Note
-------+----------+-------------------------------------------
     0 | D        | Heoruswealwe the Minotaur Fighter began the quest for the
                  | Orb.
     0 | D        | Reached XP level 1. HP: 19/19 MP: 0/0
     8 | D        | Reached skill level 3 in Polearms
    15 | D        | Reached skill level 4 in Polearms
    33 | D        | Noticed an ice beast
    33 | D        | Noticed a scorpion
    33 | D        | Noticed a scorpion
    36 | D        | Reached XP level 2. HP: 28/28 MP: 1/1
    38 | D        | Killed an ice beast
    39 | D        | Reached skill level 7 in Polearms
    39 | D        | Reached XP level 3. HP: 38/38 MP: 2/2
    39 | D        | Reached XP level 4. HP: 45/45 MP: 3/3
    40 | D        | Reached skill level 8 in Polearms
    42 | D        | Killed a scorpion
    43 | D        | Reached skill level 9 in Polearms
    43 | D        | Reached XP level 5. HP: 52/52 MP: 4/4
    48 | D        | Reached skill level 10 in Polearms
    54 | D        | Found a snail-covered altar of Cheibriados.
    54 | D        | Found a shadowy altar of Dithmenos.
    54 | D        | Found a white marble altar of Elyvilon.
    54 | D        | Found a blossoming altar of Fedhas.
    54 | D        | Found an opulent altar of Gozag.
    55 | D        | Found a hazy altar of Hepliaklqana.
    56 | D        | Found a viscous altar of Jiyva.
    57 | D        | Found an ancient bone altar of Kikubaaqudgha.
    58 | D        | Found a corrupted altar of Lugonu.
    59 | D        | Found a burning altar of Makhleb.
    60 | D        | Found a sparkling altar of Nemelex Xobeh.
    61 | D        | Found an iron altar of Okawaru.
    62 | D        | Became a worshipper of Gozag Ym Sagoz the Greedy
    63 | D        | Found a stormy altar of Qazlal.
    64 | D        | Found a sacrificial altar of Ru.
    65 | D        | Found a shimmering blue altar of Sif Muna.
    66 | D        | Found a bloodstained altar of Trog.
    67 | D        | Found a hide-covered altar of Uskayaw.
    68 | D        | Found a radiant altar of Vehumet.
    69 | D        | Found an ornate altar of the Wu Jian Council.
    70 | D        | Found a shimmering altar of Xom.
    71 | D        | Found a basalt altar of Yredelemnul.
    72 | D        | Found a glowing silver altar of Zin.
    73 | D        | Found a glowing golden altar of the Shining One.
    98 | D        | Noticed a yak
    98 | D        | Noticed an acid dragon
   112 | D        | Killed a yak
   113 | D        | Reached skill level 12 in Polearms
   113 | D        | Reached XP level 6. HP: 46/63 MP: 5/5
   128 | D        | HP: 2/63 [something (2)]
   128 | D        | Slain by an unseen horror

Illustrated notes

Levels and vault maps discovered:
D:        linesprint [early_d, line_temple, items_1, d_10, items_2, lair_1,
          lair_end, items_3, orc_1, orc_end, items_4, d_15, swamp_1, shoals_1,
          snake_1, spider_1, d_20, vaults_1, items_5, swamp_end, shoals_end,
          snake_end, spider_end, vaults_end, d_27, items_6, zot_1, zot_end,
          crypt_end, forest_end, elf_end, slime_end, tomb_end, abyss_end,
          pan_hell_end]

Skill      XL: |  1  2  3  4  5 |
---------------+----------------+-----
Polearms       | 4 7 9 12 | 12.1
Fighting       | 4 6 7 9 |  9.2
Armour         | 4 6 7 9 |  9.2
Shields        | |  3.6

Action                     |  1- 3 |  4- 6 || total
---------------------------+-------+-------++-------
  Melee: Trident           |    16 |    37 ||    53
         Headbutt          |     2 |     5 ||     7
 Armour: Scale mail        |     2 |    27 ||    29
  Dodge: Dodged            |     7 |     9 ||    16
  Block: Buckler           |     6 |     7 ||    13
